 Dungeon Crawl Stone Soup version 0.30-a0-622-gddc90eaa04 (webtiles) character file.

Game seed: 11848155306610769232

30 ragingrage the Grasshopper (level 3, -4/26 (32) HPs)
             Began as a Naga Warper on Jan 10, 2023.
             Slain by a necrophage (5 damage)
             ... on level 4 of the Dungeon.
             The game lasted 00:02:13 (1086 turns).

ragingrage the Grasshopper (Naga Warper)            Turns: 1086, Time: 00:02:14

HP:   -4/26 (32)    AC:  2    Str: 13    XL:     3   Next: 18%
MP:   6/6           EV:  9    Int: 13    God:
Gold: 52            SH:  0    Dex: 12    Spells: 6/6 levels left

rFire   . . .      SeeInvis +    a - +0 falchion
rCold   . . .      Faith    .    (no shield)
rNeg    . . .      Spirit   .    e - +0 leather armour
rPois   +          Reflect  .    (no helmet)
rElec   .          Harm     .    (no cloak)
rCorr   .          Rampage  .    (no gloves)
Will    .....                    (no barding)
Stlth   ++                       (no amulet)
HPRegen 0.24/turn                (no ring)
MPRegen 0.10/turn                (no ring)

@: heavily drained, very slow
A: AC +1, large, see invisible, deformed body, poison resistance, slowness 2,
spit poison 1, naga tail 1
a: Spit Poison


You were on level 4 of the Dungeon.
You visited 1 branch of the dungeon, and saw 5 of its levels.

You collected 52 gold pieces.

Inventory:

Hand Weapons
 a - a +0 falchion (weapon)
 b - a +0 dagger
Missiles
 d - a boomerang of dispersal (quivered)
Armour
 e - a +0 leather armour (worn)
 h - the +10 tower shield of Ignorance {rN+ Int-4}
   (You found it on level 4 of the Dungeon)

   Int:       It affects your intelligence (-4).
   rN:        It protects you from negative energy.
Scrolls
 c - a scroll of blinking
 f - a scroll of vulnerability {unknown}
Potions
 g - a potion of brilliance {unknown}


   Skills:
 - Level 2.0 Fighting
 + Level 2.8 Long Blades
 - Level 0.8 Throwing
 - Level 0.7 Armour
 - Level 1.5 Dodging
 + Level 3.0 Stealth
 - Level 2.0 Spellcasting
 - Level 3.0 Translocations


You had 6 spell levels left.
You didn't know any spells.
Your spell library contained the following spells:

 Spells                   Type           Power      Damage    Failure   Level
 Blink                    Tloc           18%        N/A       14%         2
 Lesser Beckoning         Tloc           18%        N/A       28%         3
 Teleport Other           Tloc           9%         N/A       28%         3
 Magic Dart               Conj           4%         1d3       32%         1
 Summon Small Mammal      Summ           4%         N/A       32%         1
 Searing Ray              Conj           2%         2d4       43%         2
 Vhi's Electric Charge    Tloc/Air       10%        N/A       45%         3
 Call Canine Familiar     Summ           1%         N/A       67%         3
 Summon Guardian Golem    Hex/Summ       1%         N/A       67%         3
 Manifold Assault         Tloc           9%         N/A       67%         4
 Fulminant Prism          Conj/Hex       0%         3d5       97%         4
 Blade Hands              Tmut           0%         N/A       100%        5
 Irradiate                Conj/Tmut      0%         3d11      100%        5
 Dragon Form              Tmut           0%         N/A       100%        7


Dungeon Overview and Level Annotations

Branches:
Dungeon (6/15)
 Temple: D:4-7

Altars:


Innate Abilities, Weirdness & Mutations

Your serpentine skin is tough. (AC +1)
You have supernaturally acute eyesight. (SInv)
Armour fits poorly on your strangely shaped body.
Your system is resistant to poisons. (rPois)
You cover ground very slowly.
You can spit poison.
You have a snake-like lower body.


Message History

The necrophage is lightly damaged.
The necrophage hits you.
You feel drained.
You hit the necrophage.
The necrophage is moderately damaged.
The necrophage hits you.
You feel drained.
You hit the necrophage but do no damage.
The necrophage is moderately damaged.
The necrophage hits you.
You barely miss the necrophage.
The necrophage is moderately damaged.
The necrophage hits you.
You hit the necrophage but do no damage.
The necrophage is moderately damaged.
The necrophage hits you.
You feel drained.
You closely miss the necrophage.
The necrophage is moderately damaged.
The necrophage closely misses you. The necrophage barely misses you.
You hit the necrophage but do no damage.
The necrophage is moderately damaged.
The necrophage hits you.
You feel drained.
You hit the necrophage.
The necrophage is heavily damaged.
The necrophage hits you.
You closely miss the necrophage.
The necrophage is heavily damaged.
The necrophage hits you but does no damage.
You hit the necrophage.
The necrophage is heavily damaged.
The necrophage hits you.
You slash the necrophage!
The necrophage is almost destroyed.
The necrophage hits you!
* * * LOW HITPOINT WARNING * * *
You feel drained.
* * * LOW HITPOINT WARNING * * *
The necrophage closely misses you.
You closely miss the necrophage.
The necrophage is almost destroyed.
The necrophage hits you.
You die...

###########
#..........
#####.########.
##########.....#
###.
#.......##.#####
#.#.
#.....n@'......#
#...
#.......##.###.#
#.#.
#............#.#
#.#.
#......#.#.#.#.#
#.#.
#......#.#.#.#.#
#.#.
#......#.#.#.#.#
#.#. .$.....
.#.#.#.######.#.
.......
.#.#.#........##
#.#.##########


You could see a necrophage.

Vanquished Creatures
  2 ball pythons
  5 endoplasms (D:1)
  3 giant cockroaches
  2 goblins (D:1)
  A hobgoblin (D:1)
  7 bats (D:1)
  A frilled lizard (D:1)
  2 kobolds (D:1)
  3 rats (D:1)
26 creatures vanquished.

Vanquished Creatures (others)
  8 toadstools (D:4)
8 creatures vanquished.

Grand Total: 34 creatures vanquished

Notes
Turn   | Place    | Note
-------+----------+-------------------------------------------
     0 | D:1      | ragingrage the Naga Warper began the quest for the Orb.
     0 | D:1      | Reached XP level 1. HP: 19/19 MP: 3/3
    34 | D:1      | Reached skill level 1 in Stealth
   177 | D:1      | Reached XP level 2. HP: 26/26 MP: 5/5
   615 | D:1      | Reached XP level 3. HP: 32/32 MP: 6/6
   786 | D:2      | You fall into a shaft and drop 2 floors!
   786 | D:4      | Found the +10 tower shield of Ignorance {rN+ Int-4}
   850 | D:5      | Entered Level 5 of the Dungeon
  1003 | D:4      | Noticed a necrophage
  1085 | D:4      | HP: 1/26 [necrophage (3)]
  1086 | D:4      | Slain by a necrophage

Illustrated notes

Levels and vault maps discovered:
D:1:      dpeg_arrival_windows_large_door, layout_rooms,
          chequers_serial_rivers_marsh
D:2:      layout_rooms, basic_altar, shapermc_ecumenical_altar_hornbeckon,
          minmay_three_crescents, uniq_terence
D:4:      cheibrodos_fertilizer, layout_basic, marbit_many_paths,
          old_standard_altar, lightli_sewer_entry_pipes
D:5:      layout_basic
D:6:      layout_basic, ebering_ghost_disaster_area, uniq_pikel

Skill      XL: |  1  2  3 |
---------------+----------+-----
Stealth        | 1 2 3 |  3.0
Fighting       | |  2.0
Long Blades    | |  2.8
Throwing       | |  0.8
Armour         | |  0.7
Dodging        | |  1.5
Spellcasting   | |  2.0
Translocations | |  3.0

Action                   || total
-------------------------++-------
Melee: Falchion          ||    82
       Punch             ||     3
Throw: Boomerang         ||     6
 Abil: Spit Poison       ||     7
  Use: Potion            ||     2
 Stab: Sleeping          ||     3
Armor: Leather armour    ||    25
Dodge: Dodged            ||    41

Table legend: (Time is in decaauts)
 A = Elapsed time spent in this place.
 B = Non-inter-level travel time spent in this place.
 C = Inter-level travel time spent in this place.
 D = Time resting spent in this place.
 E = Time spent auto-exploring this place.
 F = Levels seen in this place.
 G = Mean time per level.
                   A        B        C        D        E       F      G
               +--------+--------+--------+--------+--------+-----+--------+
         Total |   1311 |   1280 |     31 |    332 |    518 |   5 |  262.2 |
       Dungeon |   1311 |   1280 |     31 |    332 |    518 |   5 |  262.2 |
               +--------+--------+--------+--------+--------+-----+--------+

Top non-repeatable levels by time:
     D:1: 964 daAuts
     D:4: 196 daAuts
     D:5: 133 daAuts
     D:6: 16 daAuts
     D:2: 0 daAuts
